 Dungeon Crawl Stone Soup version 0.17-a0-1942-g46ae386 (webtiles) character file.

165 shakdrar the Chopper (level 5, 0/47 HPs)
             Began as a Hill Orc Fighter on Sept 30, 2015.
             Slain by Grinder (1 damage)
             ... on level 3 of the Dungeon.
             The game lasted 00:08:09 (2155 turns).

shakdrar the Chopper (Hill Orc Fighter)             Turns: 2155, Time: 00:08:10

Health: 0/47       AC:  7    Str: 20    XL:     5   Next: 46%
Magic:  5/5        EV:  7    Int: 10    God:
Gold:   228        SH:  9    Dex: 10    Spells: 0 memorised, 4 levels left

rFire  . . .     SeeInvis .     a - +0 war axe
rCold  . . .     Clarity  .     b - +0 scale mail
rNeg   . . .     SustAt   .     c - +0 shield
rPois  .         Gourm    .     (no helmet)
rElec  .         Spirit   .     (no cloak)
rCorr  .         Warding  .     (no gloves)
rMut   .         Stasis   .     (no boots)
MR     .....                    (no amulet)
Stlth  ..........               (no ring)
                                k - +2 ring of intelligence

@: lethally poisoned (0 -> -10), flying, not resistant to hostile enchantments,
extremely unstealthy
A: no striking features
a: no special abilities


You were on level 3 of the Dungeon.
You were not hungry.

You visited 1 branch of the dungeon, and saw 3 of its levels.

You collected 228 gold pieces.

Inventory:

Hand weapons
 a - a +0 war axe (weapon)
Armour
 b - a +0 scale mail (worn)
 c - a +0 shield (worn)
Jewellery
 k - a +2 ring of intelligence (left hand)
Scrolls
 h - 2 scrolls of remove curse
 j - a scroll of magic mapping
 r - a scroll of fog
Potions
 d - a potion of might
 g - a potion of agility
 l - a potion of brilliance
 o - a potion of resistance
 q - a potion of curing {unknown}
Comestibles
 e - 3 bread rations
 f - 5 fruits
 i - a meat ration
 m - 2 beef jerkies
 n - 4 chunks of flesh
 s - a royal jelly


   Skills:
 + Level 4.6 Fighting
 * Level 5.0 Axes
 + Level 4.1 Armour
 + Level 3.9 Shields


You had 4 spell levels left.
You didn't know any spells.

Dungeon Overview and Level Annotations

Branches:
Dungeon (3/15)

Altars:
Cheibriados
Okawaru

Annotations:
D:3 Grinder


Message History

You feel sick. Grinder gestures at you. You resist with significant effort.
Drink which item? (? for menu, Esc to quit)
It was a potion of flight.
You feel very buoyant.
You fly up into the air.
You feel sick. Grinder closely misses you.
You hit Grinder.
Grinder is moderately wounded.
You feel sick. Grinder hits you.
* * * LOW HITPOINT WARNING * * *
You writhe in agony.
* * * LOW HITPOINT WARNING * * *
You slash Grinder!
Grinder is severely wounded.
* * * LOW HITPOINT WARNING * * *
You feel sick. Grinder hits you.
* * * LOW HITPOINT WARNING * * *
You writhe in agony.
You die...

#..........#..#.#
#.###
#..........#..#..
#....
#..........#..###
#####
#..........#...
#.
#..........#.###
#. #..........#..
#.
#..........######
#.
#........5.......
#.
#########@######
#. ######†# ...
#.5....# ####
#.###### .
#.##### #.#...#
#5#...# #.#...#
#.#a..#


You could see Grinder.

Vanquished Creatures
  A worker ant (D:3)
  An orc wizard (D:3)
  A hound skeleton (D:3)
  Robin (D:2)
  3 adders (D:2)
  2 worms (D:2)
  4 orcs (D:3)
  6 bats
  A giant cockroach (D:1)
  12 goblins
  8 hobgoblins
  5 kobolds (D:1)
  2 giant newts (D:1)
  8 rats (D:1)
55 creatures vanquished.

Notes
Turn   | Place    | Note
--------------------------------------------------------------
     0 | D:1      | shakdrar the Hill Orc Fighter began the quest for the Orb.
     0 | D:1      | Reached XP level 1. HP: 19/19 MP: 1/1
   212 | D:1      | Reached XP level 2. HP: 27/27 MP: 2/2
   892 | D:2      | Reached skill level 4 in Fighting
   892 | D:2      | Reached XP level 3. HP: 28/33 MP: 3/3
   956 | D:2      | Found an iron altar of Okawaru.
  1108 | D:2      | Noticed Robin
  1129 | D:2      | Killed Robin
  1129 | D:2      | Reached XP level 4. HP: 15/40 MP: 4/4
  1651 | D:2      | Found a snail-covered altar of Cheibriados.
  1731 | D:3      | Reached XP level 5. HP: 6/47 MP: 5/5
  2130 | D:3      | Noticed Grinder
  2152 | D:3      | Reached skill level 5 in Axes
  2155 | D:3      | HP: 2/47 [poisoned by a worker ant]
  2155 | D:3      | Slain by Grinder

Vault maps used:
D:1:      nagdon_arrival_double_spiral
D:2:      nicolae_overflow_hidden_temple, okawaru_gym_becter,
          kennysheep_generic_room_9, uniq_robin
D:3:      uniq_grinder, uniq_purgy

Action                   |  1- 3 |  4- 6 || total
-------------------------+-------+-------++-------
Melee: War axe           |   104 |    58 ||   162
  Use: Scroll            |     8 |     2 ||    10
       Potion            |       |     1 ||     1
  Eat: Chunk             |     1 |     3 ||     4
